[Event "Polish University-ch Open 2024"]
[Site "Lublin"]
[Date "2024.02.23"]
[Round "3.17"]
[White "Chaczynski, Kamil"]
[Black "Golenia, Jan"]
[Result "1-0"]
[ECO "C78"]
[WhiteElo "2118"]
[BlackElo "2221"]
[Annotator "RC"]
[PlyCount "79"]
[EventDate "2024.02.22"]
[EventType "swiss"]
[EventCountry "POL"]
[SourceTitle "playchess.com"]
[Source "ChessBase"]
[SourceQuality "1"]
[TimeControl "600+3"]

1. e4 e5 2. Nf3 Nc6 3. Bb5 a6 4. Ba4 Nf6 5. d3 b5 6. Bb3 Bc5 7. O-O d6 8. c3 h6 9. h3 O-O 10. Re1 Bb7 11. Nbd2 Bb6 12. Nf1 Nh5 13. d4 Nf4 14. Be3 Qf6 15. dxe5 dxe5 16. Bxb6 cxb6 17. Kh2 Rfd8 18. Qc2 Na5 19. Rad1 Nxb3 20. axb3 h5 21. Ng3 g6 22. Ne2 Ne6 23. b4 a5 24. Rxd8+ Rxd8 25. Ng3 Qf4 26. Qc1 axb4 27. cxb4 Rc8 28. Qxf4 exf4 29. Nf1 Rc2 30. Rb1 Bxe4 31. N3d2 Bd3 32. Kg1 Nd4 33. Ra1 Rxb2 34. Ra8+ Kg7 35. Rd8 Rxb4 36. Kh2 Be2 37. Rd6 Ne6 38. Rxb6 Rb1 39. Kg1 b4 40. Nxb1 1-0

[Event "Polish University-ch Open 2024"]
[Site "Lublin"]
[Date "2024.02.23"]
[Round "3.18"]
[White "Fiedorek, Michal"]
[Black "Bartkiewicz, Pawel"]
[Result "1/2-1/2"]
[ECO "B13"]
[WhiteElo "2286"]
[BlackElo "1910"]
[Annotator "TA"]
[PlyCount "111"]
[EventDate "2024.02.22"]
[EventType "swiss"]
[EventCountry "POL"]
[SourceTitle "playchess.com"]
[Source "ChessBase"]
[SourceQuality "1"]
[TimeControl "600+3"]

1. e4 c6 2. d4 d5 3. exd5 cxd5 4. Bd3 Nc6 5. c3 Nf6 6. h3 g6 7. Nf3 Bf5 8. Be2 Bg7 9. O-O O-O 10. Re1 Rc8 11. Be3 (11. Bf4 $5) 11... Ne4 12. Nbd2 Na5 13. Nh4 Kh8 14. Nxf5 gxf5 15. Bd3 Rg8 (15... Qb6 $14) 16. Qh5 $1 $16 e6 17. Nf3 (17. Qxf7 $142 Qd6 18. Qh5) 17... f6 18. Nh4 {[%emt 0:01:02] White is more active.} (18. Nd2 {is more complex.} Bf8 19. Qf7 Qe8 20. Qxe8 Rxe8 21. Bf4) 18... Qe8 {[%emt 0:00:26] Prevents Ng6+} ({Black should play} 18... Bf8 $1 $14) 19. Qxe8 $40 {[%emt 0:00:03][%mdl 128] White attacks with force.} Rgxe8 20. f3 Nd6 21. Re2 Nac4 22. Bf2 f4 23. Rae1 e5 24. g3 fxg3 25. Bxg3 exd4 $2 {[%emt 0:00:11] [#]} (25... Rc7 $16 {is a better defense.} 26. Nf5 Nxf5 27. Bxf5 Bh6) 26. cxd4 $2 (26. Bxc4 $18 dxc4 27. Bxd6 Rxe2 28. Rxe2) 26... f5 $2 27. Nxf5 $2 ({Not} 27. Bxf5 Bxd4+ 28. Kh2 Rxe2+ 29. Rxe2 Re8 (29... Nxf5 30. Nxf5 Bc5 31. Ne7 $16) 30. Rxe8+ Nxe8 $14) (27. Bxc4 $18 Bxd4+ 28. Kh1 Rxe2 29. Bxe2) 27... Rxe2 $14 28. Rxe2 Nxf5 29. Bxf5 Bxd4+ 30. Kh2 Rf8 31. Bb1 {[%emt 0:00:18] This pair of bishops is nice.} (31. Be6 $14) 31... Ne3 $11 ({Much worse is} 31... Nxb2 $6 32. Rd2 Bg7 33. Rxd5 $16) 32. f4 Bc5 33. Bf2 d4 34. Bxe3 dxe3 {[%emt 0:00:01][%mdl 4096] Endgame. KRB-KRB} 35. f5 Kg7 36. Kg2 Kf6 37. Kf3 Rd8 38. Be4 b6 39. a3 a5 40. Rc2 Rd2 41. Rxd2 {[%emt 0:00:14] The position is equal.} exd2 {[%emt 0:00:01] KB-KB} 42. Ke2 Bd4 (42... Be3 $5) 43. b4 axb4 44. axb4 Bc3 45. b5 Bb4 46. Bc2 Bc3 47. Kd3 Bb4 48. Kc4 $1 Bc5 49. Kc3 Be3 50. Kd3 Bf4 51. Ke4 Bg5 52. Kd4 h6 53. Kd5 d1=Q+ 54. Bxd1 Kxf5 55. Kc6 Be3 56. Bg4+ {[%emt 0:00:06] Weighted Error Value: White=0.24 (precise) /Black=0.25 (precise) .  Loses game:     	---       	Black=2      Missed win:     	White=2     	---        Mistake:       	White=2     	Black=2      Inaccurate:     	White=2     	Black=1      OK:         	White=15    	Black=18     Best:        	White=5     	Black=1      Strong:       	White=1     	---} 1/2-1/2

[Event "Polish University-ch Open 2024"]
[Site "Lublin"]
[Date "2024.02.23"]
[Round "4.1"]
[White "Dzida, Kamil"]
[Black "Kosakowski, Jakub"]
[Result "0-1"]
[ECO "B15"]
[WhiteElo "2403"]
[BlackElo "2482"]
[Annotator "TA"]
[PlyCount "133"]
[EventDate "2024.02.22"]
[EventType "swiss"]
[EventCountry "POL"]
[SourceTitle "playchess.com"]
[Source "ChessBase"]
[SourceQuality "1"]
[TimeControl "600+3"]

1. e4 c6 2. d4 d5 3. Nc3 dxe4 4. Nxe4 Nf6 5. Nxf6+ exf6 6. c3 Bd6 7. Bd3 O-O 8. Qc2 Re8+ {[%emt 0:00:03] B15: Caro-Kann: 3 Nc3: 3...g6 and 3...dxe4 4 Nxe4 Nf6 5 Nxf6+ exf6.} 9. Ne2 f5 10. Bxf5 Bxf5 11. Qxf5 Nd7 12. Be3 Nb6 13. O-O Nc4 14. Qf3 Qe7 15. Ng3 Bxg3 16. hxg3 $146 ({Predecessor:} 16. Qxg3 Nxb2 17. Rae1 Nc4 18. d5 Nxe3 19. Rxe3 Qc5 20. dxc6 Qxc6 21. Rfe1 Rxe3 22. Qxe3 {0-1 Kavyev,R (2167)-Ovetchkin,R (2538) Samara Polugaevsky Memorial 9th 2019 (2)}) 16... Nxe3 (16... Nxb2 $11 17. Qe2 Na4) 17. fxe3 (17. Rfe1 $16) 17... Qxe3+ $11 18. Rf2 Qxf3 19. gxf3 Re3 20. Rd1 Rae8 21. Kg2 h5 22. Rdd2 g6 23. d5 cxd5 24. Rxd5 R8e7 25. a4 Kg7 26. Rd6 g5 27. f4 h4 28. gxh4 gxh4 29. f5 Rg3+ 30. Kh2 Ree3 31. Rd4 Rh3+ 32. Kg2 (32. Kg1 $15) 32... Reg3+ $17 33. Kf1 Rh1+ 34. Ke2 h3 ({Black should try} 34... Rb1 $17 35. Rd2 Kf6) 35. Rf3 $2 (35. f6+ $11 Kg6 36. Rd8) 35... Rh2+ $2 (35... Rg2+ 36. Rf2 Rb1 37. Rxg2+ hxg2 38. Rg4+ Kf6) 36. Rf2 $19 Rxf2+ 37. Kxf2 Rg2+ 38. Kf3 $2 (38. Kf1 {might work better.}) 38... Rxb2 $19 39. Rh4 h2 40. Kf4 (40. a5 $142) 40... Kf6 $2 (40... a5 {Hoping for ...b5.} 41. Kg3 Kf6) 41. Rh6+ $19 {[%emt 0:00:02] [#]} Ke7 $1 42. Ke5 (42. a5 {was necessary.}) 42... Re2+ $19 43. Kd5 b6 44. f6+ $2 (44. Kd4 {is more resistant.}) 44... Kd7 $19 45. Rh7 Rd2+ 46. Ke5 (46. Ke4 $142 Ke6 47. Rh8) 46... Kc6 $19 47. Ke4 Kd6 48. Ke3 Ra2 49. Kd3 Ke6 50. Rh6 Rxa4 (50... Kf5 $142 51. Ke3 Kg4 (51... Rxa4 $2 52. Rxh2 Kxf6 53. Kd3 $19)) 51. Rxh2 $19 Kxf6 52. Rf2+ Ke6 53. Re2+ Kf5 54. Re7 f6 55. c4 $2 (55. Re1) 55... Ra1 56. Rh7 $2 (56. Rf7) 56... Kf4 $19 57. Rh4+ Kg5 (57... Kg3 $142 58. Rh5 Kg4) 58. Rh2 f5 59. Rg2+ Kf4 60. Rf2+ Kg4 61. Rg2+ Kf3 62. Rg7 f4 63. Kd4 Kf2 64. Rf7 f3 65. Ke4 Ra3 66. Rf6 Ke2 67. Ke5 0-1

[Event "Polish University-ch Open 2024"]
[Site "Lublin"]
[Date "2024.02.23"]
[Round "4.2"]
[White "Janik, Igor"]
[Black "Chylewski, Patryk"]
[Result "1-0"]
[ECO "D02"]
[WhiteElo "2499"]
[BlackElo "2285"]
[Annotator "TA"]
[PlyCount "83"]
[EventDate "2024.02.22"]
[EventType "swiss"]
[EventCountry "POL"]
[SourceTitle "playchess.com"]
[Source "ChessBase"]
[SourceQuality "1"]
[TimeControl "600+3"]

1. d4 d5 2. Bf4 Nf6 3. e3 e6 4. Nf3 c5 5. c3 Nc6 6. Nbd2 cxd4 7. exd4 Nh5 8. Bg5 f6 9. Bh4 (9. Be3 $11 Bd6 10. g3) 9... g6 10. Bb5 Bg7 11. O-O O-O 12. Re1 (12. Ba4 $11 {keeps the balance.}) 12... Qb6 13. Qb3 Bd7 14. Bf1 Qc7 15. Rac1 (15. c4 $11) 15... Na5 (15... g5 $15 16. Bg3 Nxg3 17. hxg3 g4) 16. Qd1 $11 b5 17. Nb3 Nxb3 (17... Bh6 {with more complications.} 18. Nc5 Bxc1 19. Qxc1 Nb7) 18. axb3 Qb7 ({Black should try} 18... Bh6 $11) 19. b4 $14 a5 20. bxa5 Rxa5 21. Nd2 Ra2 22. Rb1 b4 23. c4 dxc4 (23... Rc8 $14) 24. Bxc4 $16 Raa8 (24... Ra7 $142) 25. Ne4 $1 Nf4 {[%emt 0:00:32] [#]} (25... Kh8 $16 {was called for.} 26. Nc5 Qc6 27. Nxd7 (27. Bxe6 Nf4 $14) 27... Qxd7 28. Bxe6 (28. Rxe6 Nf4 $16) 28... Qb7) 26. Bg3 (26. Qf3 $1 $18 {Strongly threatening Nxf6+.} Qc6 27. Bb3 (27. Qxf4 g5 $16)) 26... Nd5 (26... f5 $142 27. Bxf4 fxe4) 27. Qb3 ({White should play} 27. Qe2 Qc6 28. Nc5) 27... Qc6 28. Nc5 $36 {[%emt 0:00:00][%mdl 2048] Keeping Black busy.} Rfd8 29. Rbc1 {[%emt 0:00:00] Bxd5 would now be deadly. White is much more active.} Bc8 30. Nd3 (30. Qf3 $16) 30... Qb6 {[%emt 0:02:41] [#]} (30... Bf8 $14) 31. Nf4 $1 Nxf4 32. Bxf4 Qxd4 33. Be3 (33. Red1 $142 Qb6 34. Bd5 (34. Rxd8+ Qxd8 35. h3 Kf7 $16)) 33... Qg4 (33... Qd6 $16) 34. Qxb4 (34. Be2 $18 {is more deadly.} Qf5 35. Bf3 (35. Qxb4 Bf8 $16)) 34... Kh8 $2 (34... Bf8 $16 {is more resistant.} 35. Qb3 Kh8) 35. h3 (35. Qe7 $142 Rg8 36. Red1) 35... Qf5 $2 (35... Qe4 36. Qe7 Bb7) 36. Qe7 $18 Rg8 37. Bd4 (37. Red1 $142 {Rd8 is the strong threat.} Bf8 38. Qf7) 37... Qf4 38. Be3 (38. Red1) 38... Qf5 $1 {[%emt 0:00:00] Dodges Bb5} 39. Red1 Qe4 40. Bd4 $2 (40. Be2 Bf8 41. Qxf6+ Bg7 42. Qe7) 40... Rf8 $2 {[%emt 0:00:12] [#]} (40... Qb7 $18 41. Qxf6 (41. Bxf6 Qxe7 42. Bxe7 Bxb2 $16) (41. Qxb7 Bxb7 42. Bxe6 Rgd8 $16) 41... Bxf6 (41... e5 $2 42. Qxe5 Bf5 43. Bd5 $18) 42. Bxf6+ Qg7 43. Bxg7+ Kxg7) 41. Bxf6 $1 Rxf6 (41... Qxg2+ 42. Kxg2) 42. Rd8+ {[%emt 0:00:00] Weighted Error Value: White=0.66/Black=0.57.  Loses game:     	---       	Black=2      Missed win:     	White=1     	---        Mistake:       	White=11    	Black=9      Inaccurate:     	White=1     	Black=4      OK:         	White=8     	Black=7      Best:        	White=1     	Black=1      Strong:       	White=1     	Black=1      Brilliant:      	White=1     	---} 1-0

[Event "Polish University-ch Open 2024"]
[Site "Lublin"]
[Date "2024.02.23"]
[Round "4.3"]
[White "Karpus, Michal"]
[Black "Szpar, Milosz"]
[Result "1/2-1/2"]
[ECO "C03"]
[WhiteElo "2243"]
[BlackElo "2495"]
[Annotator "TA"]
[PlyCount "59"]
[EventDate "2024.02.22"]
[EventType "swiss"]
[EventCountry "POL"]
[SourceTitle "playchess.com"]
[Source "ChessBase"]
[SourceQuality "1"]
[TimeControl "600+3"]

1. e4 e6 2. d4 d5 3. Nd2 Be7 4. Ngf3 Nf6 5. Bd3 c5 6. exd5 Qxd5 7. dxc5 Nbd7 8. O-O Nxc5 9. Bc4 Qc6 10. Ne5 {[%emt 0:00:20] The position is equal.} Qc7 11. Bb5+ Bd7 12. Nxd7 Ncxd7 13. Nf3 O-O 14. Qd4 Rfd8 {[%emt 0:01:30][%cal Bf8d8,Bd8d4,Bd4b4][%mdl 32] next ...Nb6 is good for Black.} 15. Bf4 (15. c3 $11 {keeps the balance.}) 15... e5 (15... Qxc2 $17 {Threatens to win with ...Nc5.} 16. Rfc1 Qf5) 16. Nxe5 Nxe5 17. Bxe5 (17. Qxe5 $2 {loses.} Bd6 (17... Qxc2 $2 {perishes.} 18. Qxe7 a6 19. Rac1 $18) 18. Qe2 Bxf4 $19) 17... Rxd4 18. Bxc7 Rb4 19. Bd3 {[%emt 0:00:30] Black should prevent Rae1.} Rxb2 20. Be5 Rb4 21. Rab1 Nd7 22. Bc3 {[%emt 0:01:34] A strong pair of Bishops.} Rxb1 23. Rxb1 b6 24. Bb5 Nc5 25. Rd1 Ne4 26. Bd4 {[%emt 0:00:24] [#] And now Bc6 would win.} Rd8 27. Rd3 {[%emt 0:00:13] Prevents Nc3.} Nd6 28. Ba6 Ne4 29. Kf1 Nc5 30. Bxc5 {[%emt 0:00:01] Weighted Error Value: White=0.09 (flawless) /Black=0.11 (very precise) .  Mistake:       	White=1     	Black=1      Inaccurate:     	---       	Black=2      OK:         	White=7     	Black=7      Best:        	White=1     	Black=2} 1/2-1/2

[Event "Polish University-ch Open 2024"]
[Site "Lublin"]
[Date "2024.02.23"]
[Round "4.4"]
[White "Psyk, Radoslaw"]
[Black "Galuszka, Tomasz"]
[Result "1-0"]
[ECO "B13"]
[WhiteElo "2461"]
[BlackElo "2181"]
[Annotator "TA"]
[PlyCount "81"]
[EventDate "2024.02.22"]
[EventType "swiss"]
[EventCountry "POL"]
[SourceTitle "playchess.com"]
[Source "ChessBase"]
[SourceQuality "1"]
[TimeControl "600+3"]

1. e4 c6 2. d4 d5 3. exd5 cxd5 4. Bd3 Nc6 5. c3 Qc7 6. h3 g6 7. Qc2 (7. Ne2 $14) 7... e5 ({Better is} 7... f6 $11) 8. dxe5 $14 Nxe5 9. Bb5+ {[%emt 0:00:18] The position is equal.} Nc6 10. Nf3 Bg7 11. O-O Nge7 12. Bg5 O-O 13. Qd2 a6 14. Bd3 Nf5 15. Bxf5 Bxf5 16. Qxd5 Rfe8 17. Nbd2 Ne5 (17... h6 $11 {should be considered.} 18. Be3 Bxh3) 18. Nd4 Bd3 19. Rfe1 Nc4 20. Nxc4 Bxc4 {[%emt 0:00:01] This pair of bishops is nice.} 21. Qf3 {[%emt 0:00:04] White is more active.} h6 22. Be3 Rad8 23. a3 b5 24. Rad1 Bd5 {[%emt 0:00:03] [#]} 25. Nxb5 Bxf3 $2 {[%emt 0:01:42] Black is now going downhill.} (25... Qc4 $1 $11 26. Rxd5 Rxd5) 26. Nxc7 $16 Bxd1 27. Nxe8 Bb3 28. Nxg7 Kxg7 $18 {[%emt 0:00:02][%mdl 4096] Endgame. KRB-KRB} 29. Bd4+ Kf8 30. Re5 Rd5 31. Rxd5 Bxd5 $16 {[%emt 0:00:02] KB-KB} 32. f3 Ke7 33. Kf2 Kd6 34. Ke3 Bc4 35. Bg7 h5 36. h4 Kd5 37. b4 Bb3 38. Bd4 Bc4 39. Kf4 {[%emt 0:00:01] Threatens to win with Kg5.} Bb3 $2 (39... Bf1 $16) 40. Kg5 $18 Ke6 {[%emt 0:00:05] [#]} 41. g4 $1 {[%emt 0:00:04] Weighted Error Value: White=0.10 (very precise) /Black=0.34.  Loses game:     	---       	Black=1      Mistake:       	White=1     	Black=3      OK:         	White=17    	Black=14     Best:        	White=3     	Black=1} 1-0

[Event "Polish University-ch Open 2024"]
[Site "Lublin"]
[Date "2024.02.23"]
[Round "4.5"]
[White "Baum, Jonasz"]
[Black "Jarzebowski, Kacper"]
[Result "1-0"]
[ECO "E05"]
[WhiteElo "2400"]
[BlackElo "2135"]
[Annotator "RC"]
[PlyCount "37"]
[EventDate "2024.02.22"]
[EventType "swiss"]
[EventCountry "POL"]
[SourceTitle "playchess.com"]
[Source "ChessBase"]
[SourceQuality "1"]
[TimeControl "600+3"]

1. d4 Nf6 2. c4 e6 3. Nc3 d5 4. Nf3 Be7 5. g3 O-O 6. Bg2 a6 7. O-O dxc4 8. Ne5 Nc6 9. Nxc6 bxc6 10. Qa4 Rb8 11. Rd1 Rb4 12. Qc2 Qe8 13. a3 Rb8 14. Na4 c5 15. Nxc5 Bxc5 16. dxc5 Qb5 17. Rd4 c3 18. Rb4 cxb2 19. Bxb2 1-0

[Event "Polish University-ch Open 2024"]
[Site "Lublin"]
[Date "2024.02.23"]
[Round "4.6"]
[White "Zerebiec, Maurycy"]
[Black "Mis, Mieszko"]
[Result "1/2-1/2"]
[ECO "A36"]
[WhiteElo "1996"]
[BlackElo "2325"]
[Annotator "TA"]
[PlyCount "85"]
[EventDate "2024.02.22"]
[EventType "swiss"]
[EventCountry "POL"]
[SourceTitle "playchess.com"]
[Source "ChessBase"]
[SourceQuality "1"]
[TimeControl "600+3"]

1. c4 Nf6 2. Nc3 c5 3. e4 Nc6 4. g3 g6 5. Bg2 Bg7 6. Nge2 O-O 7. d3 d6 8. O-O Rb8 9. h3 a6 10. a4 Nd7 11. Be3 Nd4 12. Rb1 b6 13. b4 Bb7 14. f4 e6 15. Qd2 Qe7 16. Kh2 Rfe8 17. a5 bxa5 {[%emt 0:00:31] [#] Zielt auf ...Nxe2 ab.} (17... Nxe2 {vereinfacht} 18. Nxe2 bxa5 19. bxa5 Bc6) 18. bxc5 dxc5 19. e5 Bxg2 20. Kxg2 Rb4 21. Bxd4 cxd4 22. Nxd4 {[%emt 0:00:02] Und Nc6 würde nun gewinnen.} Nc5 {[%emt 0:00:07] ...Rd8 wäre nun fies.} 23. Nc2 (23. Nc6 $2 Qb7 24. d4 Qxc6+ $19) 23... Qb7+ (23... Rd8 $11 24. Nxb4 axb4) 24. Kh2 $16 Rxb1 25. Rxb1 Qf3 26. d4 Rd8 {[%emt 0:00:10] [#]} ({Vorzuziehen ist} 26... Ne4 27. Nxe4 Qxe4) 27. d5 (27. Ne1 $1 $16 Qa8 28. d5) 27... Ne4 $1 $11 28. Nxe4 Qxe4 29. d6 Qxc4 (29... f6 $1 $11) 30. Rb7 {[%emt 0:00:25] Weiß steht aktiver.} (30. Ne1 $16) 30... g5 $1 31. Ne3 (31. Qxa5 Qxc2+ 32. Kg1 Qd1+ 33. Kf2 Rc8 $19) (31. Nd4 $11 {bleibt in der Remisbreite.}) 31... Qe4 $17 32. Qxa5 Rf8 33. d7 gxf4 (33... Qxb7 34. d8=Q Rxd8 35. Qxd8+ Bf8 36. Qxg5+ Bg7 37. Qd8+ Bf8 38. Ng2 $11) 34. d8=Q fxg3+ (34... Qxb7 $6 35. Ng4 h5 (35... fxg3+ 36. Kxg3 Bxe5+ 37. Qxe5 $14) 36. gxf4 (36. Nf6+ Bxf6 37. Qxf6 Qb2+ 38. Kh1 Qb1+ 39. Kh2 Qc2+ 40. Kg1 Qd1+ 41. Kf2 Qd4+ 42. Ke2 Qe4+ 43. Kd2 Qg2+ 44. Kd1 Qxg3 $11) 36... Rxd8 37. Qxd8+ Kh7 38. Qd3+ Kh8 39. Qd8+ Kh7 40. Qd3+ Kh8 41. Qd8+ Kh7 $11) 35. Kxg3 {[%emt 0:00:02] Und jetzt Qdb6 wäre schön.} Qxe3+ (35... Qxb7 $2 36. Qg5 $18) 36. Kg2 Qe2+ (36... Bxe5 37. Qdd2 (37. Qh4 Kh8 $11) 37... Qe4+ 38. Kf2 Bd4+ 39. Kf1 Qh1+ (39... Qf3+ 40. Ke1 $11) 40. Ke2 Qe4+ 41. Kd1 Qf3+ 42. Kc2 Qxb7 43. Qxd4 Rc8+ 44. Kd3 Qf3+ 45. Qe3 Qf1+ 46. Qe2 Qxh3+ 47. Kd2 Qh6+ 48. Kd3 $11) 37. Kg1 Qe3+ 38. Kg2 $1 Rxd8 ({Natürlich nicht} 38... Bxe5 $6 39. Qdd2 (39. Qh4 Kh8 $11) 39... Qe4+ 40. Kf2 Bd4+ 41. Kg3 $11) (38... Qe4+ $17 39. Kf2 Qf5+ (39... Qxb7 40. Qd3 $15) 40. Kg1 Qg6+ 41. Kf1 Qf5+ 42. Kg1 Qg6+ 43. Kf2 Qf5+ 44. Kg1) 39. Qxd8+ $11 {[%emt 0:00:03] Die Stellung ist ausgeglichen.} Bf8 40. Rb8 Qe2+ 41. Kg1 {[%emt 0:00:05][%csl Gb8][%cal Rd8f8] Tanz auf der Rasierklinge.} Qe1+ 42. Kg2 Qe2+ 43. Kg1 {[%emt 0:00:02] Gewichteter Fehlerwert: Weiß=0.18 (sehr präzise) /Schwarz=0.18 (sehr präzise) .  Fehler:       	Weiß=3     	Schwarz=4     Ungenau:       	Weiß=1     	Schwarz=1     OK:         	Weiß=14    	Schwarz=9     Bester:       	Weiß=5     	Schwarz=3     Stark:        	Weiß=1     	Schwarz=2} 1/2-1/2

[Event "Polish University-ch Open 2024"]
[Site "Lublin"]
[Date "2024.02.23"]
[Round "4.7"]
[White "Kowalski, Igor"]
[Black "Klepek, Witold"]
[Result "1-0"]
[ECO "D87"]
[WhiteElo "2372"]
[BlackElo "2262"]
[Annotator "TA"]
[PlyCount "79"]
[EventDate "2024.02.22"]
[EventType "swiss"]
[EventCountry "POL"]
[SourceTitle "playchess.com"]
[Source "ChessBase"]
[SourceQuality "1"]
[TimeControl "600+3"]

1. d4 Nf6 2. c4 g6 3. Nc3 d5 4. cxd5 Nxd5 5. e4 Nxc3 6. bxc3 Bg7 7. Bc4 c5 8. Ne2 Nc6 9. Be3 O-O 10. O-O b6 11. Rb1 cxd4 12. cxd4 Bb7 13. d5 {[%emt 0:00:37] White has an edge.} Na5 14. Bb5 e6 15. Nf4 exd5 16. Nxd5 Rc8 17. Qd3 {[%emt 0:01:23] White is more active.} (17. Qa4 $5) 17... f5 {[%emt 0:02:18] And now ...fxe4 would win.} 18. f3 fxe4 19. fxe4 Qd6 20. Bg5 Bxd5 21. exd5 (21. Qxd5+ {simplifies} Qxd5 22. exd5 Rxf1+ 23. Rxf1 Bf8 24. g3) 21... Qe5 22. Bd2 {[%emt 0:00:49] A strong pair of Bishops.} Nb7 23. Rbe1 Qd4+ 24. Kh1 (24. Qxd4 {simplifies} Bxd4+ 25. Kh1 Rxf1+ 26. Rxf1 Rc2 27. Bh6) 24... Nd6 (24... Rxf1+ $11 25. Rxf1 Qxd3 26. Bxd3 Nd6) 25. Qxd4 $1 $14 Bxd4 26. Bd7 {[%emt 0:00:06] Strongly threatening Be6+.} Rxf1+ 27. Rxf1 Rc2 28. Bh6 Nf5 $2 (28... Bg7 $1 $14 29. Be6+ Kh8) 29. Be6+ $18 (29. Bxf5 gxf5 30. d6 (30. Rxf5 Bc5 $11) 30... Kf7 $18) 29... Kh8 30. Bxf5 gxf5 {[%emt 0:00:01][%mdl 4096] Endgame. [#] KRB-KRB} 31. Re1 $2 (31. Rxf5 Bg7 32. Bg5 Rxa2 $16) (31. d6 $1 $18 {[%cal Rd6d7] d7 would kill now.} Bf6 (31... Rxa2 $2 32. d7 $18) 32. Rxf5) 31... Kg8 $1 $14 32. d6 Bf6 $1 33. d7 {[%emt 0:00:08] Hoping for Re8+.} Kf7 34. g3 Kg6 $2 {[%emt 0:00:01][%mdl 8192] [#] Repels h4} (34... Rc7 $14) 35. Bf4 $2 (35. Re6 {mates} Kf7 36. Rxf6+ Ke7 37. Rd6 (37. Rxf5 Kxd7 38. Rf7+ Ke6 $18) (37. Rf7+ Kxf7 38. d8=Q Rc5 $18) 37... Kxd6 38. d8=Q+ (38. d8=R+ Ke5 $18) 38... Ke6 39. Qg8+ Ke5 40. Bg7+ (40. Qxh7 Rc4 $18) 40... Kd6 41. Qd8+ (41. Qxh7 Rc1+ 42. Kg2 Rc2+ 43. Kf3 b5 $18) 41... Ke6 42. Qf6+ Kd7 43. Qxf5+ Ke7 44. Qxc2) 35... Kf7 $18 36. Re8 {[%emt 0:00:03] Wards off Rc4} Rxa2 {[%emt 0:00:03] aiming for ...Ra1+.} 37. d8=Q (37. d8=B Kxe8 38. Bxf6 Kd7 $17) 37... Bxd8 38. Rxd8 a5 39. Rd7+ Kg6 40. Rd6+ {[%emt 0:00:00] Weighted Error Value: White=0.35/Black=0.43.  Loses game:     	---       	Black=2      Missed win:     	White=1     	---        Mistake:       	White=1     	Black=1      Inaccurate:     	White=3     	Black=1      OK:         	White=6     	Black=8      Best:        	White=4     	---        Strong:       	White=1     	Black=2} 1-0

[Event "Polish University-ch Open 2024"]
[Site "Lublin"]
[Date "2024.02.23"]
[Round "4.8"]
[White "Dalkowski, Rafal"]
[Black "Szustakowski, Antoni"]
[Result "1-0"]
[ECO "A13"]
[WhiteElo "2093"]
[BlackElo "2354"]
[Annotator "RC"]
[PlyCount "123"]
[EventDate "2024.02.22"]
[EventType "swiss"]
[EventCountry "POL"]
[SourceTitle "playchess.com"]
[Source "ChessBase"]
[SourceQuality "1"]
[TimeControl "600+3"]

1. Nf3 d5 2. c4 e6 3. e3 a6 4. b3 Nf6 5. Bb2 c5 6. Be2 Nc6 7. cxd5 exd5 8. d4 cxd4 9. exd4 Bd6 10. O-O O-O 11. Ne5 Bf5 12. Nd2 Rc8 13. f4 Qb6 14. Ndf3 Be4 15. Kh1 Nb4 16. Ng5 Nc2 17. Bg4 Ne3 18. Qe2 Bxg2+ 19. Kg1 Bxf1 20. Qxe3 Bxe5 21. Bxc8 Bxf4 22. Qxf4 Bd3 23. Bf5 Bxf5 24. Qxf5 Qa5 25. Qf4 Re8 26. Nf3 Ne4 27. h4 f6 28. Kh2 Rc8 29. Rg1 Rc2+ 30. Rg2 Rxg2+ 31. Kxg2 Qxa2 32. Qc1 h6 33. Qc2 Kf7 34. h5 Kg8 35. Nh4 Kh7 36. Ng6 f5 37. Ne7 f4 38. Nxd5 Kg8 39. Qc8+ Kf7 40. Qf5+ Nf6 41. Qg6+ Ke6 42. Nxf4+ Kd6 43. Qc2 b6 44. Kf3 Qa5 45. d5 Qb5 46. Ba3+ Kd7 47. Qc4 Qxc4 48. bxc4 b5 49. cxb5 axb5 50. Bb2 Kd6 51. Bxf6 gxf6 52. Ke3 Ke5 53. Kd3 f5 54. Kc3 Kxf4 55. d6 Kg3 56. d7 f4 57. d8=Q f3 58. Kd2 Kf2 59. Qh4+ Kg2 60. Ke3 b4 61. Qf2+ Kh3 62. Kxf3 1-0

[Event "Polish University-ch Open 2024"]
[Site "Lublin"]
[Date "2024.02.23"]
[Round "4.9"]
[White "Skurniak, Szymon"]
[Black "Nowak, Mikolaj"]
[Result "1-0"]
[ECO "B20"]
[WhiteElo "2096"]
[BlackElo "2317"]
[Annotator "TA"]
[PlyCount "49"]
[EventDate "2024.02.22"]
[EventType "swiss"]
[EventCountry "POL"]
[SourceTitle "playchess.com"]
[Source "ChessBase"]
[SourceQuality "1"]
[TimeControl "600+3"]

1. e4 c5 2. b3 Nc6 3. Bb2 e6 4. Bb5 Nge7 5. Nf3 a6 6. Bxc6 bxc6 ({Black should try} 6... Nxc6 $11 7. O-O b5) 7. h4 d6 8. d4 {[%emt 0:00:50] White is slightly better.} cxd4 9. Qxd4 e5 10. Qd2 Ng6 11. h5 Nf4 12. g3 Ne6 13. h6 g6 14. Na3 $36 {[%emt 0:00:03][%mdl 2048] Black is under pressure.} c5 15. Nc4 Bb7 (15... Be7 $11) 16. Qd3 {[%emt 0:01:41] White is much more active.} Nd4 17. O-O-O Be7 (17... f5 $11 18. Ncd2 Qd7) 18. Nxd4 exd4 (18... cxd4 $14 19. Rhe1 O-O) 19. c3 $16 d5 20. exd5 Bxd5 21. Rhe1 O-O 22. cxd4 Bg5+ 23. f4 Bxh6 $2 {[%emt 0:00:02][%mdl 8192] [#]} (23... Bxc4 $16 24. bxc4 (24. Qxc4 cxd4 25. Rxd4 Qb6 $18) 24... Bxh6) 24. dxc5 $18 Bxc4 25. Qc3 {[%emt 0:00:06] Weighted Error Value: White=0.15 (very precise) /Black=0.25 (precise) .  Loses game:     	---       	Black=1      Mistake:       	---       	Black=4      Inaccurate:     	White=4     	Black=2      OK:         	White=6     	Black=7      Best:        	White=1     	Black=1} 1-0